[ AOE2 MATCH · #506912115 ]
UnrankedFranks vs Mapuche
Player's team · WIN
Rival team · LOSS
[ REPLAY ANALYSIS · EXTRACTED FROM THE RECORDED GAME ]
Feudal
8:51
Castle
22:41
Imperial
41:26
| APM avg | 80.2 |
| APM peak | 110 |
| eAPM avg | 33.1 |
| Villagers / military | 175 / 213 |
Focus
⚔️ 45.7% · 🌾 54.3%
Skirmisher ×80 · Knight ×75 · Scout Cavalry ×25 · Scorpion ×19 · Cavalry Archer ×5 · Trebuchet (Packed) ×5
Feudal
8:51
Castle
21:33
Imperial
41:17
| APM avg | 75.9 |
| APM peak | 117 |
| eAPM avg | 39.3 |
| Villagers / military | 143 / 172 |
Focus
⚔️ 59.1% · 🌾 40.9%
Bolas Rider ×132 · Archer ×22 · Mangonel ×10 · Skirmisher ×4 · Spearman ×3 · Trebuchet (Packed) ×1
Match map
Initial resources + every placement click. Lines = walls · curves = elevation contours. ◆ gold · ⬟ stone · ● berries · ✦ relic · ◌ wall gap
Your base· Open — unwalled flank
GreatMaty's base· Open — 7t gap
Smoothed initial terrain · ◌ = detected wall gap · hover for details
Inputs per minute
— unfold - - GreatMaty
Build order — unfold
First 150 of 507 actions detected
| 0:00 | Queue | Villager (Male) |
| 0:01 | Queue | Villager (Male) |
| 0:02 | Build | House |
| 0:02 | Build | House |
| 0:11 | Queue | Villager (Male) |
| 0:12 | Queue | Villager (Male) |
| 1:23 | Queue | Villager (Male) |
| 1:23 | Queue | Villager (Male) |
| 1:57 | Queue | Villager (Male) |
| 2:14 | Queue | Villager (Male) |
| 2:14 | Queue | Villager (Male) |
| 2:18 | Build | House |
| 2:34 | Build | Lumber Camp |
| 2:50 | Queue | Villager (Male) |
| 2:53 | Queue | Villager (Male) |
| 3:38 | Queue | Villager (Male) |
| 3:48 | Queue | Villager (Male) |
| 4:22 | Queue | Villager (Male) |
| 4:41 | Queue | Villager (Male) |
| 5:14 | Queue | Villager (Male) |
| 5:14 | Queue | Villager (Male) |
| 5:15 | Queue | Villager (Male) |
| 5:30 | Build | Barracks |
| 5:50 | Research | Loom |
| 6:10 | Build | House |
| 6:37 | Research | Feudal Age |
| 6:47 | Queue | Militia |
| 6:56 | Build | Palisade Wall |
| 7:12 | Queue | Militia |
| 7:28 | Queue | Militia |
| 7:36 | Build | Mill |
| 8:15 | Queue | Villager (Male) |
| 8:28 | Build | Farm |
| 8:30 | Queue | Villager (Male) |
| 8:44 | Build | Farm |
| 8:51 | Age | Feudal Age |
| 8:53 | Research | Man-at-Arms (upgrade) |
| 9:03 | Queue | Villager (Male) |
| 9:07 | Build | Farm |
| 9:13 | Build | House |
| 9:30 | Queue | Villager (Male) |
| 9:39 | Build | Farm |
| 9:45 | Build | Palisade Wall |
| 9:47 | Build | Palisade Wall |
| 10:03 | Build | Farm |
| 10:05 | Queue | Villager (Male) |
| 10:16 | Build | House |
| 10:26 | Research | Double-Bit Axe |
| 10:26 | Queue | Villager (Male) |
| 10:51 | Queue | Villager (Male) |
| 11:10 | Queue | Villager (Male) |
| 11:12 | Build | House |
| 11:13 | Build | Palisade Wall |
| 11:15 | Queue | Villager (Male) |
| 11:34 | Queue | Villager (Male) |
| 11:46 | Build | Archery Range |
| 12:10 | Queue | Villager (Male) |
| 12:16 | Queue | Villager (Male) |
| 12:18 | Build | House |
| 12:19 | Build | Palisade Wall |
| 12:23 | Build | Mining Camp |
| 12:28 | Build | Farm |
| 12:34 | Queue | Skirmisher |
| 12:34 | Queue | Skirmisher |
| 12:39 | Queue | Villager (Male) |
| 12:42 | Build | House |
| 12:51 | Build | Palisade Wall |
| 12:56 | Build | Watch Tower |
| 12:58 | Queue | Skirmisher |
| 12:58 | Queue | Skirmisher |
| 13:02 | Queue | Villager (Male) |
| 13:11 | Build | Farm |
| 13:15 | Queue | Villager (Male) |
| 13:37 | Queue | Skirmisher |
| 13:37 | Queue | Villager (Male) |
| 13:54 | Build | Blacksmith |
| 13:57 | Queue | Villager (Male) |
| 14:08 | Build | Farm |
| 14:24 | Build | Farm |
| 14:29 | Build | House |
| 14:38 | Research | Fletching |
| 14:40 | Queue | Skirmisher |
| 14:41 | Queue | Villager (Male) |
| 14:59 | Build | House |
| 15:02 | Queue | Skirmisher |
| 15:08 | Research | Padded Archer Armor |
| 15:21 | Queue | Skirmisher |
| 15:25 | Queue | Skirmisher |
| 15:26 | Queue | Villager (Male) |
| 15:30 | Build | Farm |
| 15:30 | Build | Farm |
| 15:31 | Build | Farm |
| 15:36 | Queue | Villager (Male) |
| 15:38 | Build | Farm |
| 15:46 | Queue | Skirmisher |
| 16:03 | Queue | Skirmisher |
| 16:13 | Queue | Skirmisher |
| 16:19 | Queue | Villager (Male) |
| 16:22 | Build | Farm |
| 16:24 | Build | Farm |
| 16:25 | Queue | Skirmisher |
| 16:33 | Build | Farm |
| 16:43 | Queue | Skirmisher |
| 16:51 | Queue | Skirmisher |
| 16:56 | Build | Farm |
| 17:26 | Build | Stable |
| 17:29 | Queue | Villager (Male) |
| 17:32 | Build | Farm |
| 17:48 | Queue | Villager (Male) |
| 17:50 | Build | Lumber Camp |
| 17:56 | Queue | Skirmisher |
| 17:59 | Queue | Scout Cavalry |
| 17:59 | Queue | Scout Cavalry |
| 18:08 | Queue | Villager (Male) |
| 18:10 | Build | Farm |
| 18:16 | Build | Farm |
| 18:41 | Queue | Villager (Male) |
| 18:44 | Build | Farm |
| 18:47 | Build | Farm |
| 18:55 | Build | Farm |
| 19:36 | Queue | Villager (Male) |
| 19:49 | Queue | Villager (Male) |
| 19:58 | Research | Castle Age |
| 19:58 | Research | Castle Age |
| 20:02 | Build | Stable |
| 20:10 | Build | Farm |
| 20:17 | Build | Lumber Camp |
| 20:37 | Research | Gold Mining |
| 20:37 | Research | Gold Mining |
| 20:42 | Research | Scale Barding Armor |
| 22:15 | Queue | Villager (Male) |
| 22:27 | Queue | Villager (Male) |
| 22:41 | Age | Castle Age |
| 22:43 | Research | Chain Barding Armor |
| 22:43 | Queue | Knight |
| 22:44 | Queue | Knight |
| 22:45 | Queue | Villager (Male) |
| 22:49 | Build | Siege Workshop |
| 22:55 | Research | Bow Saw |
| 22:55 | Research | Bow Saw |
| 23:02 | Build | Farm |
| 23:14 | Queue | Villager (Male) |
| 23:17 | Queue | Knight |
| 23:17 | Queue | Knight |
| 23:28 | Queue | Villager (Male) |
| 23:34 | Queue | Knight |
| 23:34 | Queue | Knight |
| 23:35 | Build | Farm |
| 23:38 | Build | House |
| 23:41 | Queue | Villager (Male) |
Build order — GreatMaty
First 150 of 504 actions detected
| 0:00 | Queue | Villager (Male) |
| 0:01 | Queue | Villager (Male) |
| 0:02 | Build | House |
| 0:03 | Build | House |
| 0:17 | Queue | Villager (Male) |
| 0:17 | Queue | Villager (Male) |
| 0:18 | Queue | Villager (Male) |
| 1:11 | Queue | Villager (Male) |
| 1:11 | Queue | Villager (Male) |
| 1:41 | Queue | Villager (Male) |
| 1:41 | Queue | Villager (Male) |
| 2:13 | Queue | Villager (Male) |
| 2:13 | Queue | Villager (Male) |
| 2:21 | Build | Settlement |
| 2:45 | Queue | Villager (Male) |
| 2:58 | Queue | Villager (Male) |
| 2:58 | Queue | Villager (Male) |
| 3:42 | Queue | Villager (Male) |
| 3:42 | Queue | Villager (Male) |
| 3:42 | Queue | Villager (Male) |
| 3:43 | Queue | Villager (Male) |
| 4:16 | Queue | Villager (Male) |
| 4:32 | Queue | Villager (Male) |
| 4:32 | Queue | Villager (Male) |
| 5:09 | Build | Settlement |
| 5:21 | Research | Loom |
| 5:40 | Queue | Villager (Male) |
| 5:40 | Research | Loom |
| 6:40 | Research | Feudal Age |
| 7:30 | Build | Barracks |
| 7:49 | Queue | Villager (Male) |
| 8:51 | Age | Feudal Age |
| 8:52 | Build | Archery Range |
| 9:01 | Research | Double-Bit Axe |
| 9:01 | Research | Double-Bit Axe |
| 9:09 | Queue | Spearman |
| 9:13 | Queue | Villager (Male) |
| 9:13 | Queue | Villager (Male) |
| 9:32 | Queue | Villager (Male) |
| 9:32 | Queue | Villager (Male) |
| 9:39 | Build | House |
| 9:42 | Build | Palisade Gate |
| 9:52 | Queue | Archer |
| 9:52 | Queue | Archer |
| 10:03 | Build | Settlement |
| 10:06 | Queue | Archer |
| 10:23 | Build | Palisade Gate |
| 10:26 | Build | Palisade Gate |
| 10:57 | Build | Farm |
| 10:57 | Build | Farm |
| 10:57 | Build | Farm |
| 11:18 | Build | Farm |
| 11:19 | Queue | Villager (Male) |
| 11:19 | Queue | Villager (Male) |
| 11:35 | Build | Palisade Wall |
| 11:37 | Build | Palisade Wall |
| 11:42 | Queue | Archer |
| 12:07 | Queue | Villager (Male) |
| 12:14 | Queue | Villager (Male) |
| 12:18 | Queue | Archer |
| 12:18 | Queue | Archer |
| 12:34 | Build | Palisade Wall |
| 12:35 | Queue | Villager (Male) |
| 12:35 | Queue | Villager (Male) |
| 12:37 | Build | Farm |
| 12:38 | Build | Farm |
| 12:44 | Build | Farm |
| 12:48 | Queue | Archer |
| 12:48 | Queue | Archer |
| 12:56 | Build | Palisade Wall |
| 12:57 | Build | Palisade Wall |
| 13:04 | Build | Farm |
| 13:04 | Queue | Villager (Male) |
| 13:05 | Queue | Villager (Male) |
| 13:06 | Queue | Spearman |
| 13:06 | Queue | Spearman |
| 13:18 | Queue | Archer |
| 13:18 | Queue | Archer |
| 13:29 | Build | Blacksmith |
| 13:39 | Queue | Villager (Male) |
| 13:42 | Build | House |
| 14:03 | Queue | Villager (Male) |
| 14:06 | Queue | Skirmisher |
| 14:09 | Build | House |
| 14:23 | Research | Fletching |
| 14:24 | Research | Fletching |
| 14:27 | Build | Farm |
| 14:48 | Queue | Villager (Male) |
| 14:48 | Queue | Villager (Male) |
| 14:48 | Queue | Villager (Male) |
| 14:50 | Build | Farm |
| 14:51 | Build | Farm |
| 15:01 | Queue | Archer |
| 15:05 | Queue | Skirmisher |
| 15:07 | Queue | Villager (Male) |
| 15:21 | Queue | Villager (Male) |
| 15:25 | Build | Farm |
| 15:30 | Queue | Skirmisher |
| 16:03 | Queue | Villager (Male) |
| 16:04 | Queue | Villager (Male) |
| 16:05 | Queue | Archer |
| 16:23 | Build | Farm |
| 16:24 | Build | Farm |
| 16:30 | Build | House |
| 16:31 | Build | Palisade Wall |
| 16:35 | Queue | Archer |
| 16:36 | Queue | Villager (Male) |
| 16:42 | Build | House |
| 16:43 | Build | Palisade Wall |
| 16:44 | Build | Palisade Wall |
| 16:45 | Build | Palisade Wall |
| 17:02 | Queue | Skirmisher |
| 17:03 | Queue | Villager (Male) |
| 17:16 | Build | House |
| 17:17 | Build | Palisade Wall |
| 17:18 | Build | Palisade Wall |
| 17:48 | Queue | Villager (Male) |
| 18:07 | Queue | Villager (Male) |
| 18:08 | Build | Farm |
| 18:09 | Build | Farm |
| 18:09 | Build | Farm |
| 18:09 | Build | Farm |
| 18:17 | Queue | Archer |
| 18:53 | Research | Castle Age |
| 18:53 | Research | Castle Age |
| 18:53 | Research | Castle Age |
| 18:59 | Build | House |
| 19:00 | Build | Palisade Wall |
| 19:31 | Queue | Archer |
| 19:46 | Queue | Villager (Male) |
| 20:02 | Queue | Archer |
| 20:17 | Build | House |
| 20:23 | Build | Archery Range |
| 20:39 | Queue | Archer |
| 20:41 | Research | Padded Archer Armor |
| 20:41 | Research | Padded Archer Armor |
| 20:42 | Research | Padded Archer Armor |
| 20:45 | Queue | Villager (Male) |
| 21:05 | Queue | Archer |
| 21:05 | Queue | Archer |
| 21:12 | Build | House |
| 21:14 | Build | Palisade Wall |
| 21:22 | Build | House |
| 21:33 | Age | Castle Age |
| 21:40 | Queue | Archer |
| 21:42 | Queue | Villager (Male) |
| 22:01 | Queue | Villager (Male) |
| 22:02 | Queue | Archer |
| 22:02 | Queue | Archer |
| 22:07 | Research | Bodkin Arrow |
Match timeline
| 5:30 | unfold · first_building Barracks |
| 6:56 | unfold · wall_segment Palisade Wall x8 |
| 7:30 | GreatMaty · first_building Barracks |
| 8:51 | unfold · age_up feudal |
| 8:51 | GreatMaty · age_up feudal |
| 8:52 | GreatMaty · first_building Archery Range |
| 9:45 | unfold · wall_segment Palisade Wall x2 |
| 9:47 | unfold · wall_segment Palisade Wall x6 |
| 11:13 | unfold · wall_segment Palisade Wall x5 |
| 11:35 | GreatMaty · wall_segment Palisade Wall x4 |
| 11:37 | GreatMaty · wall_segment Palisade Wall x6 |
| 11:46 | unfold · first_building Archery Range |
| 12:19 | unfold · wall_segment Palisade Wall x4 |
| 12:34 | GreatMaty · wall_segment Palisade Wall x1 |
| 12:51 | unfold · wall_segment Palisade Wall x5 |
| 12:56 | GreatMaty · wall_segment Palisade Wall x1 |
| 12:57 | GreatMaty · wall_segment Palisade Wall x3 |
| 16:31 | GreatMaty · wall_segment Palisade Wall x7 |
| 16:43 | GreatMaty · wall_segment Palisade Wall x2 |
| 16:44 | GreatMaty · wall_segment Palisade Wall x5 |
| 16:45 | GreatMaty · wall_segment Palisade Wall x14 |
| 17:17 | GreatMaty · wall_segment Palisade Wall x4 |
| 17:18 | GreatMaty · wall_segment Palisade Wall x4 |
| 17:26 | unfold · first_building Stable |
| 19:00 | GreatMaty · wall_segment Palisade Wall x8 |
| 21:14 | GreatMaty · wall_segment Palisade Wall x1 |
| 21:33 | GreatMaty · age_up castle |
| 22:41 | unfold · age_up castle |
| 22:49 | unfold · first_building Siege Workshop |
| 25:55 | unfold · first_market_sell 100 wood |
| 25:56 | unfold · first_market_buy 100 stone |
| 27:35 | GreatMaty · first_building Siege Workshop |
| 29:54 | GreatMaty · wall_segment Stone Wall x1 |
| 29:56 | GreatMaty · wall_segment Stone Wall x3 |
| 29:59 | GreatMaty · wall_segment Stone Wall x1 |
| 30:00 | GreatMaty · wall_segment Stone Wall x1 |
| 30:01 | GreatMaty · wall_segment Stone Wall x1 |
| 30:03 | GreatMaty · wall_segment Stone Wall x1 |
| 30:05 | GreatMaty · wall_segment Stone Wall x1 |
| 30:06 | GreatMaty · wall_segment Stone Wall x1 |
| 32:54 | GreatMaty · first_market_sell 100 wood |
| 32:57 | unfold · first_building Castle |
| 35:34 | GreatMaty · wall_segment Stone Wall x1 |
| 37:08 | GreatMaty · first_market_buy 100 food |
| 39:14 | GreatMaty · wall_segment Stone Wall x1 |
| 39:16 | GreatMaty · wall_segment Stone Wall x8 |
| 40:15 | GreatMaty · wall_segment Stone Wall x5 |
| 41:12 | GreatMaty · first_building Castle |
| 41:17 | GreatMaty · age_up imperial |
| 41:26 | unfold · age_up imperial |
| 43:44 | GreatMaty · wall_segment Stone Wall x15 |
| 44:21 | unfold · first_building Monastery |
| 48:36 | GreatMaty · resign |
[ AI ANALYSIS · 1 CREDIT ]
What really happened in this match?
Wolo.gg analyzes every decision: build order, eco, micro, common mistakes by bracket. Personalized analysis on WhatsApp or Discord in 30 seconds.
Civ guide
Franks
Perfil
Jugador #20944940